Map: Blackpink LE

Players

Dear - Winner!

  • Race: Protoss Protoss
  • Spawn Location: 1:00

TYTY (TY)

  • Race: Terran Terran
  • Spawn Location: 7:00

Event: IEM Season 12 - Katowice

VOD

Have the link to the VOD?

Description

Time

  • Played on: March 1, 2018, 6:18 a.m.
  • Length: 6:28

All games in this series

Show
View Real Time Build Order
Export as new Build Order

Dear Protoss - Winner!

Build Orders: 1 Gate Expand, Double Forge, Blink Stalkers, Dark Templar Rush 

Get SALT Encoding   

  12  0:00  Probe  
  13  0:12  Probe  
  14  0:18  Pylon  
  14  0:25  Probe (Chrono Boost)  
  15  0:37  Probe (Chrono Boost)  
  15  0:39  Gateway  
  16  0:45  Probe (Chrono Boost)  
  16  0:47  Assimilator  
  17  0:51  Probe  
  18  1:03  Probe  
  19  1:15  Probe  
  20  1:23  Nexus  
  20  1:31  Cybernetics Core  
  20  1:34  Probe  
  21  1:40  Assimilator  
  21  1:46  Probe  
  22  1:50  Pylon  
  21  1:58  Probe  
  24  2:08  Warp Gate  
  24  2:10  Probe (Chrono Boost)  
  24  2:11  Stalker  
  25  2:22  Probe (Chrono Boost), Twilight Council  
  26  2:28  Probe (Chrono Boost)  
  27  2:35  Probe (Chrono Boost)  
  29  2:43  Probe (Chrono Boost)  
  30  2:44  Probe (Chrono Boost)  
  30  2:49  Probe (Chrono Boost)  
  30  2:51  Probe (Chrono Boost)  
  32  3:01  Probe (Chrono Boost)  
  32  3:02  Dark Shrine  
  32  3:03  Gateway  
  34  3:06  Probe (Chrono Boost)  
  34  3:07  Probe (Chrono Boost)  
  35  3:13  Probe, Stalker  
  35  3:15  Probe  
  39  3:21  Gateway  
  39  3:25  Pylon  
  39  3:27  Probe  
  39  3:28  Probe  
  41  3:38  Assimilator  
  41  3:39  Probe  
  41  3:40  Probe, Pylon  
  43  3:43  Stalker (Chrono Boost)  
  45  3:49  Blink (Chrono Boost)  
  45  3:51  Probe  
  45  3:52  Probe  
  47  3:57  Shield Battery  
  47  4:00  Assimilator  
  47  4:03  Probe  
  47  4:05  Probe  
  49  4:15  Dark Templar  
  49  4:16  Probe, Dark Templar  
  55  4:17  Probe  
  55  4:21  Pylon  
  55  4:32  Probe  
  55  4:35  Nexus  
  56  4:51  Stalker x3  
  62  4:58  Forge  
  62  4:59  Forge  
  60  5:03  Probe x2  
  62  5:12  Pylon  
  62  5:18  Stalker x3  
  66  5:21  Probe x2  
  68  5:35  Probe x2  
  64  5:50  Stalker x3  
  64  5:51  Probe x2  
  64  5:52  Probe  
  73  6:03  Probe x2  
  75  6:10  Probe  
  74  6:15  Probe  
  74  6:16  Probe, Stalker x3  
Show
View Real Time Build Order
Export as new Build Order

TYTY Terran 

Build Orders: Cyclone Opening 

Get SALT Encoding   

  12  0:00  SCV  
  13  0:12  SCV  
  14  0:17  Supply Depot  
  14  0:24  SCV  
  15  0:39  SCV  
  15  0:40  Barracks  
  16  0:43  Refinery  
  16  0:51  SCV  
  17  1:03  SCV  
  18  1:15  SCV  
  19  1:26  Marine  
  19  1:27  Orbital Command  
  20  1:47  Command Center  
  20  1:48  Barracks Reactor  
  20  1:53  SCV  
  21  1:55  Supply Depot  
  21  2:03  Factory  
  21  2:07  SCV  
  22  2:14  Refinery  
  22  2:20  SCV  
  23  2:24  Marine x2  
  25  2:32  SCV  
  26  2:42  Marine x2  
  26  2:44  SCV  
  29  2:56  SCV  
  30  2:59  Cyclone, Starport  
  30  3:00  Orbital Command  
  30  3:03  Marine  
  34  3:08  Marine  
  35  3:14  SCV  
  36  3:21  Marine  
  36  3:26  SCV, Marine  
  40  3:27  SCV  
  40  3:35  Starport Tech Lab  
  40  3:37  Supply Depot  
  40  3:38  SCV  
  40  3:39  SCV  
  42  3:50  Command Center  
  42  3:51  SCV x2  
  42  3:55  Raven  
  46  3:56  Factory Tech Lab  
  46  4:01  Marine  
  47  4:03  SCV  
  47  4:07  SCV  
  50  4:10  Supply Depot  
  50  4:15  SCV  
  51  4:17  Siege Tank  
  51  4:20  SCV  
  51  4:21  Supply Depot  
  54  4:25  Supply Depot  
  54  4:31  SCV  
  54  4:32  SCV  
  55  4:41  Barracks  
  55  4:43  SCV, Barracks  
  55  4:44  SCV  
  54  4:50  Marine  
  52  4:55  SCV  
  52  4:56  SCV  
  52  5:08  SCV, Marine  
  52  5:09  SCV, Orbital Command  
  52  5:11  Starport Reactor  
  55  5:20  SCV  
  55  5:21  SCV  
  56  5:26  Engineering Bay, Marine  
  57  5:32  SCV  
  57  5:33  SCV  
  57  5:35  SCV  
  53  5:44  SCV, Marauder  
  53  5:45  SCV  
  53  5:47  SCV, Marine x2  
  52  5:51  Bunker  
  52  5:53  Cyclone, Marauder  
  52  5:54  Medivac  
  59  5:57  SCV  
  57  6:05  SCV x2, Marauder  

Tags
 
Add a new tag
Caveats
  • Supply blocks, unpowered buildings, or Contaminate may cause inaccurate times.
  • Supply counts are checked every 10 seconds.